 Dungeon Crawl Stone Soup version 0.22-a0-274-gf8199ec (webtiles) character file.

1603 tidbits the Insei (level 8, 0/73 HPs)
             Began as a Gnoll Transmuter on Mar 14, 2018.
             Was an Initiate of Cheibriados.
             Slain by a troll (13 damage)
             ... on level 9 of the Dungeon.
             The game lasted 00:17:56 (2116 turns).

tidbits the Insei (Gnoll Transmuter)                Turns: 2116, Time: 00:17:56

Health: 0/73       AC: 12    Str: 14    XL:     8   Next: 94%
Magic:  4/17       EV: 13    Int: 19    God:    Cheibriados [......]
Gold:   202        SH:  0    Dex: 16    Spells: 6/19 levels left

rFire    x . .     SeeInvis +     - Unarmed
rCold    + + +     Gourm    .   (shield currently unavailable)
rNeg     . . .     Faith    .   (armour currently unavailable)
rPois    +         Spirit   .   (helmet currently unavailable)
rElec    .         Reflect  .   (cloak currently unavailable)
rCorr    .         Harm     .   (gloves currently unavailable)
MR       +....     Clarity  +   (boots currently unavailable)
Stlth    +++.......             (no amulet)
HPRegen  0.22/turn              (no ring)
MPRegen  0.15/turn              (no ring)

@: icy armour, ice-form, very slightly contaminated, very slow
A: large, distributed training, see invisible, clarity, magic resistance 1,
strong nose
a: End Transformation, Bend Time, Renounce Religion


You were on level 9 of the Dungeon.
You worshipped Cheibriados.
Cheibriados was noncommittal.
You were not hungry.
You were a creature of crystalline ice.
You visited 2 branches of the dungeon, and saw 10 of its levels.
You also visited: Sewer and Ossuary.

You collected 202 gold pieces.

Inventory:

Hand Weapons
 e - a +0 dagger (melded)
 p - a +0 flail of crushing
   (You took it off Edmund on level 4 of the Dungeon)
 v - a +2 quarterstaff of chaos
   (You took it off Crazy Yiuf on level 3 of the Dungeon)
 w - a +0 war axe
 x - the cursed +1 spear of the Postmodern Spirits {vamp, rF+ Str+3, unknown}
   (You found it on level 5 of the Dungeon)

   It inflicts no extra harm, but heals its wielder when it wounds a living foe.
   It affects your strength (+3).
   It protects you from fire.
   It has a curse placed upon it.
 y - a +1 short sword of venom
   (You found it on level 5 of the Dungeon)
Missiles
 a - 103 arrows
 c - 49 stones (quivered)
 h - 29 bolts
 n - 29 sling bullets
Armour
 B - a +0 robe (melded)
 C - a +0 cloak (melded)
 E - a +1 helmet (melded)
Jewellery
 D - an uncursed ring of fire
   (You found it on level 5 of the Dungeon)
Wands
 l - a wand of iceblast (17)
 q - a wand of flame (63)
Scrolls
 b - a scroll of enchant weapon
 r - 4 scrolls of remove curse
 s - 4 scrolls of teleportation
 t - 2 scrolls of fear
Potions
 f - 4 potions of curing {unknown}
 g - 4 potions of flight
 j - a potion of cancellation {unknown}
 k - 2 potions of ambrosia
 m - 2 potions of lignification {unknown}
 o - 2 potions of invisibility {unknown}
 u - a potion of haste
 z - a potion of agility
 G - a potion of might {unknown}
 H - 2 potions of heal wounds
Comestibles
 d - 8 rations


   Skills:
 + Level 4.5 Fighting
 + Level 3.6 Short Blades
 + Level 3.6 Long Blades
 + Level 3.6 Axes
 + Level 3.6 Maces & Flails
 + Level 3.6 Polearms
 + Level 3.6 Staves
 + Level 3.6 Slings
 + Level 3.6 Bows
 + Level 3.6 Crossbows
 + Level 3.6 Throwing
 + Level 3.6 Armour
 + Level 5.9 Dodging
 + Level 3.6 Stealth
 + Level 3.6 Shields
 + Level 7.5 Unarmed Combat
 + Level 6.2 Spellcasting
 + Level 3.0 Conjurations
 + Level 3.0 Hexes
 + Level 3.0 Charms
 + Level 3.0 Summonings
 + Level 3.0 Necromancy
 + Level 3.0 Translocations
 + Level 4.9 Transmutations
 + Level 3.0 Fire Magic
 + Level 3.0 Ice Magic
 + Level 3.0 Air Magic
 + Level 3.0 Earth Magic
 + Level 3.0 Poison Magic
 + Level 4.0 Invocations
 + Level 3.6 Evocations


You had 6 spell levels left.
You knew the following spells:

 Your Spells              Type           Power        Failure   Level  Hunger
e - Beastly Appendage     Tmut           ###...       1%          1    None
i - Ice Form              Ice/Tmut       ###.....     22%         4    ####...
k - Sticks to Snakes      Tmut           ###.....     2%          2    None
o - Ozocubu's Armour      Chrm/Ice       ###.....     10%         3    ##.....
p - Spider Form           Tmut/Pois      ###.......   6%          3    ##.....


Dungeon Overview and Level Annotations

Branches:
Dungeon (9/15)             Temple (1/1) D:6
   Lair: D:8-11         Orc: D:9-12

Altars:
Ashenzari
Cheibriados
Dithmenos
Elyvilon
Fedhas
Gozag
Kikubaaqudgha
Makhleb
Nemelex Xobeh
Qazlal
Ru
Sif Muna
Trog
Uskayaw
Vehumet
Wu Jian
Xom
Zin

Annotations:
D:4 Dowan


Innate Abilities, Weirdness & Mutations

Your experience applies equally to all skills.
((You have very sharp teeth.))
Your uncanny sense of smell can sniff out nearby items.
You have supernaturally acute eyesight. (SInv)
You possess an exceptional clarity of mind.
You are resistant to hostile enchantments. (MR+)


Message History

Wear which item? (? for menu, Esc to quit)
You start putting on your armour.
You continue putting on your shiny helmet. x4
You finish putting on your +1 helmet.
Adjust (i)tems, (s)pells, or (a)bilities?
Adjust which item? (? for menu, Esc to quit)
i - a +1 helmet (worn)
Adjust to which letter? (? for menu, Esc to quit)
E - a +1 helmet (worn)
Unknown command.
Okay, then.
You climb downwards.
Found a morningstar.
There is a stone staircase leading up here.
Unknown command.
A centaur comes into view.
Found a ration.
Found a stone staircase leading down.
The helpless centaur fails to defend itself.
You impale the centaur!!
You kill the centaur!
Cheibriados appreciates the change of pace.
Things that are here:
a shortbow; 21 arrows; a centaur corpse
a - 103 arrows (gained 21)
You see here a ration.
d - 8 rations (gained 1)
There is a stone staircase leading down here.
You climb downwards.
A yak, a bullfrog and a troll come into view.
The bullfrog croaks.
The yak bellows!
You hear a bellow!
The troll shouts!
Found 8 gold pieces.
Found a stone staircase leading down.
There is a stone staircase leading up here.
A yak comes into view.
The bullfrog hits you!
A yak comes into view.
The bullfrog hits you.
A yak comes into view.
Casting: Spider Form (safe; 7% risk of failure)
Confirm with . or Enter, or press ? or * to list all spells.
You miscast Ozocubu's Armour.
You are very lightly contaminated with residual magic.
Nothing appears to happen.
The bullfrog hits you.
Casting: Ozocubu's Armour (safe; 10% risk of failure)
Confirm with . or Enter, or press ? or * to list all spells.
A film of ice covers your body!
The bullfrog hits you but does no damage.
The bullfrog barely misses you.
A yak comes into view.
Casting: Ozocubu's Armour (safe; 10% risk of failure)
Confirm with . or Enter, or press ? or * to list all spells.
You miscast Ice Form.
Your hands feel numb with cold.
The yak bellows!
The bullfrog closely misses you. The yak gores you!
A yak comes into view.
Unknown command.
Casting: Ice Form (slightly dangerous; 22% risk of failure)
Confirm with . or Enter, or press ? or * to list all spells.
You turn into a creature of crystalline ice.
Your +0 dagger melds into your body.
Your +0 cloak melds into your body.
Your +1 helmet melds into your body.
Your +0 robe melds into your body.
The yak bellows!
The bullfrog completely misses you. The yak closely misses you.
The bullfrog closely misses you.
Unknown command.
You pummel the bullfrog!!
The bullfrog seems to slow down.
You freeze the bullfrog.
You kill the bullfrog!
Cheibriados appreciates the change of pace.
Your Conjurations skill increases to level 3!
Your Hexes skill increases to level 3!
Your Charms skill increases to level 3!
Your Summonings skill increases to level 3!
Your Necromancy skill increases to level 3!
Your Translocations skill increases to level 3!
Your Fire Magic skill increases to level 3!
Your Ice Magic skill increases to level 3!
Your Air Magic skill increases to level 3!
Your Earth Magic skill increases to level 3!
Your Poison Magic skill increases to level 3!
Your Invocations skill increases to level 4!
The yak closely misses you.
You hit the troll. You freeze the troll.
The troll is lightly wounded.
The troll bites you! The troll closely misses you. The troll claws you!
* * * LOW HITPOINT WARNING * * *
The yak gores you but does no damage.
You punch the troll! You freeze the troll.
The troll is heavily wounded.
The troll closely misses you. The troll misses you. The troll claws you!
* * * LOW HITPOINT WARNING * * *
The yak gores you.
* * * LOW HITPOINT WARNING * * *
You barely miss the troll.
The troll is heavily wounded.
The troll bites you but does no damage. The troll claws you.
* * * LOW HITPOINT WARNING * * *
The troll claws you!
You die...

#########
#........ .
#........ ...##
#....>$..
##...Y###........
....YYYYT........
#####Y###<.......
# #####...# .# ∆


You could see 5 yaks and a troll.

Vanquished Creatures
  Prince Ribbit (D:7)
  A hungry ghost (D:7)
  An ice beast (D:7)
  A centaur (D:8)
  A big kobold (D:7)
  2 bullfrogs
  2 scorpions
  A crimson imp (D:5)
  A jelly (D:7)
  2 orc wizards
  An orc priest (D:5)
  A bullfrog skeleton (D:5)
  A hound (D:5)
  An iguana (D:5)
  Crazy Yiuf (D:3)
  4 worker ants
  2 mummies
  4 gnolls (D:7)
  4 adders
  A howler monkey skeleton (D:5)
  A river rat (Sewer)
  A shadow imp (D:5)
  2 worms (D:5)
  4 leopard geckos
  8 orcs
  2 bats (D:1)
  2 giant cockroaches
  A gnoll zombie (Ossuary)
  3 goblins
  2 hobgoblins (D:2)
  3 jackals
  A quokka (D:2)
  4 ball pythons (Sewer)
  9 frilled lizards
  2 goblin zombies (Ossuary)
  A hobgoblin zombie (Ossuary)
  11 kobolds
  2 kobold zombies
  3 orc zombies (Ossuary)
  8 rats
103 creatures vanquished.

Vanquished Creatures (collateral kills)
  A hippogriff (D:5)
  Edmund (D:4)
  A bullfrog skeleton (D:5)
  A big kobold zombie (Ossuary)
  A howler monkey zombie (D:5)
  A howler monkey skeleton (D:7)
  2 adders
  A goblin zombie (Ossuary)
  A hobgoblin zombie (Ossuary)
  A kobold zombie (Ossuary)
11 creatures vanquished.

Grand Total: 114 creatures vanquished

Notes
Turn   | Place    | Note
-------+----------+-------------------------------------------
     0 | D:1      | tidbits the Gnoll Transmuter began the quest for the Orb.
     0 | D:1      | Reached XP level 1. HP: 17/17 MP: 6/6
   113 | D:1      | Reached XP level 2. HP: 19/23 MP: 5/7
   213 | D:2      | Reached XP level 3. HP: 21/28 MP: 6/9
   218 | D:2      | Learned a level 2 spell: Sticks to Snakes
   222 | D:2      | Learned a level 3 spell: Spider Form
   245 | D:2      | Reached skill level 5 in Spellcasting
   313 | D:3      | Reached skill level 1 in Invocations
   399 | D:4      | Found a radiant altar of Vehumet.
   400 | D:4      | Noticed Edmund
   418 | D:4      | Killed Edmund
   418 | D:4      | Reached skill level 1 in Short Blades
   418 | D:4      | Reached skill level 1 in Long Blades
   418 | D:4      | Reached skill level 1 in Axes
   418 | D:4      | Reached skill level 1 in Maces & Flails
   418 | D:4      | Reached skill level 1 in Polearms
   418 | D:4      | Reached skill level 1 in Staves
   418 | D:4      | Reached skill level 1 in Slings
   418 | D:4      | Reached skill level 1 in Bows
   418 | D:4      | Reached skill level 1 in Crossbows
   418 | D:4      | Reached skill level 1 in Throwing
   418 | D:4      | Reached skill level 1 in Armour
   418 | D:4      | Reached skill level 1 in Stealth
   418 | D:4      | Reached skill level 1 in Shields
   418 | D:4      | Reached skill level 1 in Conjurations
   418 | D:4      | Reached skill level 1 in Hexes
   418 | D:4      | Reached skill level 1 in Charms
   418 | D:4      | Reached skill level 1 in Summonings
   418 | D:4      | Reached skill level 1 in Necromancy
   418 | D:4      | Reached skill level 1 in Translocations
   418 | D:4      | Reached skill level 1 in Fire Magic
   418 | D:4      | Reached skill level 1 in Ice Magic
   418 | D:4      | Reached skill level 1 in Air Magic
   418 | D:4      | Reached skill level 1 in Earth Magic
   418 | D:4      | Reached skill level 1 in Poison Magic
   418 | D:4      | Reached skill level 1 in Evocations
   418 | D:4      | Reached XP level 4. HP: 31/34 MP: 3/11
   418 | D:4      | Reached XP level 5. HP: 36/40 MP: 3/12
   433 | D:4      | Noticed Dowan
   470 | D:4      | Found a sand-covered staircase.
   483 | D:4      | Reached skill level 3 in Fighting
   494 | Ossuary  | Entered an ossuary
   544 | Ossuary  | Learned a level 4 spell: Ice Form
   566 | Ossuary  | Reached skill level 4 in Transmutations
   724 | D:3      | Found a runed door.
   730 | D:3      | Noticed Crazy Yiuf
   738 | D:3      | Killed Crazy Yiuf
   738 | D:3      | Reached XP level 6. HP: 24/47 MP: 8/13
   806 | D:4      | Found an opulent altar of Gozag.
   836 | D:4      | Reached skill level 2 in Invocations
   865 | D:4      | Reached skill level 5 in Dodging
   876 | D:5      | Entered Level 5 of the Dungeon
   938 | D:5      | Reached skill level 2 in Short Blades
   938 | D:5      | Reached skill level 2 in Long Blades
   938 | D:5      | Reached skill level 2 in Axes
   938 | D:5      | Reached skill level 2 in Maces & Flails
   938 | D:5      | Reached skill level 2 in Polearms
   938 | D:5      | Reached skill level 2 in Staves
   938 | D:5      | Reached skill level 2 in Slings
   938 | D:5      | Reached skill level 2 in Bows
   938 | D:5      | Reached skill level 2 in Crossbows
   938 | D:5      | Reached skill level 2 in Throwing
   938 | D:5      | Reached skill level 2 in Armour
   938 | D:5      | Reached skill level 2 in Stealth
   938 | D:5      | Reached skill level 2 in Shields
   938 | D:5      | Reached skill level 2 in Evocations
   961 | D:5      | Found a sparkling altar of Nemelex Xobeh.
   966 | D:5      | Gained mutation: Scrolls take you a little longer to read. [potion of mutation]
   966 | D:5      | Gained mutation: Your system is resistant to poisons. (rPois) [potion of mutation]
   966 | D:5      | Lost mutation: Scrolls take you a little longer to read. [potion of mutation]
   967 | D:5      | Lost mutation: Your system is resistant to poisons. (rPois) [potion of mutation]
   967 | D:5      | Gained mutation: You have supernaturally acute eyesight. (SInv) [potion of mutation]
   967 | D:5      | Gained mutation: You are resistant to hostile enchantments. (MR+) [potion of mutation]
   967 | D:5      | Gained mutation: You possess an exceptional clarity of mind. [potion of mutation]
   985 | D:5      | Got a translucent spear
  1037 | D:5      | Reached XP level 7. HP: 36/52 MP: 7/15
  1060 | D:5      | Noticed a hippogriff
  1061 | D:5      | Reached skill level 7 in Unarmed Combat
  1067 | D:5      | Killed a hippogriff
  1067 | D:5      | Reached skill level 2 in Conjurations
  1067 | D:5      | Reached skill level 2 in Hexes
  1067 | D:5      | Reached skill level 2 in Charms
  1067 | D:5      | Reached skill level 2 in Summonings
  1067 | D:5      | Reached skill level 2 in Necromancy
  1067 | D:5      | Reached skill level 2 in Translocations
  1067 | D:5      | Reached skill level 2 in Fire Magic
  1067 | D:5      | Reached skill level 2 in Ice Magic
  1067 | D:5      | Reached skill level 2 in Air Magic
  1067 | D:5      | Reached skill level 2 in Earth Magic
  1067 | D:5      | Reached skill level 2 in Poison Magic
  1158 | D:5      | Found a bloodstained altar of Trog.
  1319 | D:5      | Found a glowing drain.
  1343 | Sewer    | Entered a sewer
  1430 | Sewer    | Reached skill level 3 in Invocations
  1588 | D:6      | Found a hide-covered altar of Uskayaw.
  1625 | D:6      | Learned a level 3 spell: Ozocubu's Armour
  1641 | D:7      | Reached XP level 8. HP: 60/60 MP: 0/16
  1663 | D:7      | Reached skill level 4 in Fighting
  1678 | D:7      | Noticed Prince Ribbit
  1705 | D:6      | Reached skill level 3 in Short Blades
  1705 | D:6      | Reached skill level 3 in Long Blades
  1705 | D:6      | Reached skill level 3 in Axes
  1705 | D:6      | Reached skill level 3 in Maces & Flails
  1705 | D:6      | Reached skill level 3 in Polearms
  1705 | D:6      | Reached skill level 3 in Staves
  1705 | D:6      | Reached skill level 3 in Slings
  1705 | D:6      | Reached skill level 3 in Bows
  1705 | D:6      | Reached skill level 3 in Crossbows
  1705 | D:6      | Reached skill level 3 in Throwing
  1705 | D:6      | Reached skill level 3 in Armour
  1705 | D:6      | Reached skill level 3 in Stealth
  1705 | D:6      | Reached skill level 3 in Shields
  1705 | D:6      | Reached skill level 3 in Evocations
  1738 | D:6      | Found a staircase to the Ecumenical Temple.
  1749 | Temple   | Entered the Ecumenical Temple
  1872 | D:7      | Found a sacrificial altar of Ru.
  1878 | D:7      | Killed Prince Ribbit
  1878 | D:7      | Reached skill level 6 in Spellcasting
  1898 | D:7      | Found an ancient bone altar of Kikubaaqudgha.
  1969 | D:7      | Found a snail-covered altar of Cheibriados.
  1981 | D:7      | Became a worshipper of Cheibriados the Contemplative
  2106 | D:9      | Noticed a troll
  2106 | D:9      | Noticed a yak
  2107 | D:9      | Noticed a yak
  2108 | D:9      | Noticed a yak
  2109 | D:9      | Noticed a yak
  2111 | D:9      | Noticed a yak
  2112 | D:9      | Noticed a yak
  2113 | D:9      | Reached skill level 3 in Conjurations
  2113 | D:9      | Reached skill level 3 in Hexes
  2113 | D:9      | Reached skill level 3 in Charms
  2113 | D:9      | Reached skill level 3 in Summonings
  2113 | D:9      | Reached skill level 3 in Necromancy
  2113 | D:9      | Reached skill level 3 in Translocations
  2113 | D:9      | Reached skill level 3 in Fire Magic
  2113 | D:9      | Reached skill level 3 in Ice Magic
  2113 | D:9      | Reached skill level 3 in Air Magic
  2113 | D:9      | Reached skill level 3 in Earth Magic
  2113 | D:9      | Reached skill level 3 in Poison Magic
  2113 | D:9      | Reached skill level 4 in Invocations
  2116 | D:9      | Slain by a troll

Vault maps used:
D:1:      evilmike_arrival_rings
D:2:      uniq_sigmund
D:3:      uniq_crazy_yiuf_cottage
D:4:      vehumet_altar_wand_db, kennysheep_mini_moat, first_ration,
          nicolae_ossuary_entry_giza, uniq_edmund, uniq_duvessa
D:5:      nicolae_overflow_hidden_temple, nemelex_xobeh_ov_fountains_minmay,
          cheibrodos_sewer_entry_bend
D:6:      kennysheep_little_box, eat_drink_and_be_merry_uskayaw,
          lemuel_crystal_altar, minmay_temple_entry_trees, guppyfry_shop_venom
D:7:      kennysheep_mini, nicolae_overflow_crystal_walls, lemuel_doored_altar,
          uniq_prince_ribbit1
D:9:      grunt_temple_overflow_holy_war, the_bakery
Temple:   cyrus_temple_forest
Sewer:    sewer_co_cracked_pipes
Ossuary:  ossuary_zaba_two_paths

Skill      XL: |  1  2  3  4  5  6  7  8 |
---------------+-------------------------+-----
Spellcasting   | 5 6 |  6.2
Invocations    | 1 2 3 4 |  4.0
Short Blades   | 1 2 3 |  3.6
Long Blades    | 1 2 3 |  3.6
Axes           | 1 2 3 |  3.6
Maces & Flails | 1 2 3 |  3.6
Polearms       | 1 2 3 |  3.6
Staves         | 1 2 3 |  3.6
Slings         | 1 2 3 |  3.6
Bows           | 1 2 3 |  3.6
Crossbows      | 1 2 3 |  3.6
Throwing       | 1 2 3 |  3.6
Armour         | 1 2 3 |  3.6
Stealth        | 1 2 3 |  3.6
Shields        | 1 2 3 |  3.6
Conjurations   | 1 2 3 |  3.0
Hexes          | 1 2 3 |  3.0
Charms         | 1 2 3 |  3.0
Summonings     | 1 2 3 |  3.0
Necromancy     | 1 2 3 |  3.0
Translocations | 1 2 3 |  3.0
Fire Magic     | 1 2 3 |  3.0
Ice Magic      | 1 2 3 |  3.0
Air Magic      | 1 2 3 |  3.0
Earth Magic    | 1 2 3 |  3.0
Poison Magic   | 1 2 3 |  3.0
Evocations     | 1 2 3 |  3.6
Fighting       | 3 4 |  4.5
Transmutations | 4 |  4.9
Dodging        | 5 |  5.9
Unarmed Combat | 7 |  7.5

Action                   |  1- 3 |  4- 6 |  7- 9 || total
-------------------------+-------+-------+-------++-------
Melee: Unarmed           |    63 |    81 |   119 ||   263
       Bite              |     6 |     1 |       ||     7
       Kick              |     3 |       |       ||     3
       Punch             |     2 |       |       ||     2
       Headbutt          |     1 |       |       ||     1
       Dagger            |       |       |     2 ||     2
 Cast: Beastly Appendage |     7 |       |       ||     7
       Spider Form       |     4 |    11 |     5 ||    20
       Sticks to Snakes  |     3 |     8 |     4 ||    15
       Ice Form          |       |       |     8 ||     8
       Ozocubu's Armour  |       |       |     3 ||     3
Evoke: Wand              |       |       |     1 ||     1
  Use: Scroll            |       |     5 |     8 ||    13
       Potion            |       |     3 |     1 ||     4
 Stab: Sleeping          |     3 |     1 |     5 ||     9
       Distracted        |       |     2 |     2 ||     4
       Confused          |       |       |     2 ||     2
  Eat: Chunk             |       |     1 |     8 ||     9
Armor: Robe              |     7 |     1 |     1 ||     9
       Skin              |       |     3 |    24 ||    27
Dodge: Dodged            |    40 |    48 |    84 ||   172

Table legend:
 A = Spawn XP
 B = Non-spawn XP
 C = Spawn XP percentage of total XP
 D = Spawn monster count
 E = Non-spawn monster count
 F = Spawn count percentage of total count
 G = Total turns spent on level
                    A         B        C        D         E        F      G
               +---------+---------+-------+---------+---------+-------+---------
         Total |       0 |    2290 |   0.0 |       0 |     114 |   0.0 |  2116
               +---------+---------+-------+---------+---------+-------+---------
           D:1 |       0 |      21 |   0.0 |       0 |      12 |   0.0 |   199
           D:2 |       0 |      35 |   0.0 |       0 |       7 |   0.0 |    83
           D:3 |       0 |      42 |   0.0 |       0 |       4 |   0.0 |   217
           D:4 |       0 |     294 |   0.0 |       0 |      11 |   0.0 |   264
           D:5 |       0 |     624 |   0.0 |       0 |      21 |   0.0 |   430
           D:6 |       0 |      53 |   0.0 |       0 |       4 |   0.0 |   195
           D:7 |       0 |     845 |   0.0 |       0 |      20 |   0.0 |   263
           D:8 |       0 |     194 |   0.0 |       0 |       2 |   0.0 |    28
           D:9 |       0 |      96 |   0.0 |       0 |       1 |   0.0 |    10
         Sewer |       0 |      34 |   0.0 |       0 |      19 |   0.0 |   198
       Ossuary |       0 |      52 |   0.0 |       0 |      13 |   0.0 |   152
               +---------+---------+-------+---------+---------+-------+---------

Table legend:
 A = Turns spent in this place as a percentage of turns spent in the entire game.
 B = Non-inter-level travel turns spent in this place as a percentage of non-inter-level travel turns spent in the entire game.
 C = Inter-level travel turns spent in this place as a percentage of turns spent in this place.
 D = Turns resting spent in this place as a percentage of non-inter-level travel turns spent in this place.
 E = Turns spent auto-exploring this place as a percentage of non-inter-level travel turns spent in this place.
 F = Non-inter-level travel turns spent in this place divided by the number of levels of this place that you've seen.
                   A       B       C       D       E      F
               +-------+-------+-------+-------+-------+----------------------
         Total | 100.0 | 100.0 |   1.4 |   0.0 |   0.0 | 173.9
       Dungeon |  79.8 |  80.2 |   0.9 |   0.0 |   0.0 | 186.0
        Temple |   3.6 |   3.0 |  18.2 |   0.0 |   0.0 |  63.0
         Sewer |   9.4 |   9.5 |   0.0 |   0.0 |   0.0 | 198.0
       Ossuary |   7.2 |   7.3 |   0.0 |   0.0 |   0.0 | 152.0
               +-------+-------+-------+-------+-------+----------------------

Table legend:
 A = Kills in this place as a percentage of kills in entire the game.
 B = Kills by you in this place as a percentage of kills by you in the entire game.
 C = Kills by friends in this place as a percentage of kills by friends in the entire game.
 D = Other kills in this place as a percentage of other kills in the entire game.
 E = Experience gained in this place as a percentage of experience gained in the entire game.
 F = Experience gained in this place divided by the number of levels of this place that you have seen.
                   A       B       C       D       E      F
               +-------+-------+-------+-------+-------+----------------------
         Total | 100.0 | 100.0 | 100.0 |   N/A | 100.0 | 190.8
       Dungeon |  71.9 |  72.8 |  63.6 |   N/A |  96.2 | 244.9
         Sewer |  16.7 |  18.4 |   0.0 |   N/A |   1.5 |  34.0
       Ossuary |  11.4 |   8.7 |  36.4 |   N/A |   2.3 |  52.0
               +-------+-------+-------+-------+-------+----------------------

Vault maps used:
D:1:      evilmike_arrival_rings
D:2:      uniq_sigmund
D:3:      uniq_crazy_yiuf_cottage
D:4:      vehumet_altar_wand_db, kennysheep_mini_moat, first_ration,
          nicolae_ossuary_entry_giza, uniq_edmund, uniq_duvessa
D:5:      nicolae_overflow_hidden_temple, nemelex_xobeh_ov_fountains_minmay,
          cheibrodos_sewer_entry_bend
D:6:      kennysheep_little_box, eat_drink_and_be_merry_uskayaw,
          lemuel_crystal_altar, minmay_temple_entry_trees, guppyfry_shop_venom
D:7:      kennysheep_mini, nicolae_overflow_crystal_walls, lemuel_doored_altar,
          uniq_prince_ribbit1
D:9:      grunt_temple_overflow_holy_war, the_bakery
Temple:   cyrus_temple_forest
Sewer:    sewer_co_cracked_pipes
Ossuary:  ossuary_zaba_two_paths
